 Dungeon Crawl Stone Soup version 0.21.1-1-g345015f (webtiles) character file.

19327 Inarius the Carver (level 12, -20/64 HPs)
             Began as a Vine Stalker Fighter on Feb 17, 2018.
             Was a High Priest of Qazlal.
             Demolished by a phantasmal warrior (25 damage)
             ... led by a death knight
             ... on level 12 of the Dungeon.
             The game lasted 00:36:50 (9665 turns).

Inarius the Carver (Vine Stalker Fighter)           Turns: 9665, Time: 00:36:51

Health: -20/64     AC: 14    Str: 27    XL:     12   Next: 67%
Magic:  0/28       EV:  6    Int:  8    God:    Qazlal [*****.]
Gold:   513        SH: 17    Dex: 16    Spells: 19/20 levels left

rFire    . . .     SeeInvis .   a - +4 rapier of Sudden Death {elec, rElec}
rCold    . . .     Gourm    +   c - +0 shield
rNeg     . . .     Faith    .   B - +0 plate armour
rPois    .         Spirit   +   x - +0 helmet
rElec    +         Reflect  .   (no cloak)
rCorr    .         Harm     .   (no gloves)
MR       +....                  (no boots)
Stlth    ..........             q - amulet of the gourmand
HPRegen  1.00/turn              i - +3 ring of slaying
MPRegen  0.21/turn              p - ring of magical power

@: mighty, about to teleport, repel missiles
A: fangs 3, regeneration 2, magic shield, antimagic bite, no potion heal 3, rot
immunity
a: Upheaval, Elemental Force, Disaster Area, Renounce Religion


You were on level 12 of the Dungeon.
You worshipped Qazlal.
Qazlal was extremely pleased with you.
You were completely stuffed.

You visited 1 branch of the dungeon, and saw 12 of its levels.

You collected 765 gold pieces.
You spent 252 gold pieces at shops.

Inventory:

Hand Weapons
 a - the +4 rapier of Sudden Death (weapon) {elec, rElec}
   (You found it on level 9 of the Dungeon)

   Occasionally, upon striking a foe, it will discharge some electrical energy
   and cause terrible harm.
   It insulates you from electricity.
 b - a +4 dagger of holy wrath
Armour
 c - a +0 shield (worn)
 x - a +0 helmet (worn)
 B - a +0 plate armour (worn)
Jewellery
 i - a +3 ring of slaying (left hand)
 o - an uncursed ring of flight
 p - a ring of magical power (right hand)
 q - an amulet of the gourmand (around neck)
 s - an uncursed ring of poison resistance
 u - an uncursed ring of ice {unknown}
 H - an uncursed ring of protection from fire
Wands
 z - a wand of flame (72)
 G - a wand of scattershot (2)
 K - a wand of enslavement (10)
Scrolls
 e - 5 scrolls of enchant weapon
 j - 2 scrolls of amnesia {unknown}
 k - 4 scrolls of immolation
 l - 4 scrolls of teleportation
 n - 2 scrolls of remove curse
 v - a scroll of random uselessness {unknown}
 y - a scroll of magic mapping {unknown}
 A - 2 scrolls of noise {unknown}
 C - 2 scrolls of summoning {unknown}
Potions
 d - 4 potions of might
 g - 2 potions of lignification
 h - 2 potions of haste
 m - a potion of mutation
 r - a potion of agility {unknown}
 t - a potion of ambrosia {unknown}
Books
 w - a book of Misfortune

   Spells                             Type                      Level
   a - Confusing Touch                Hexes                        1
   b - Confuse                        Hexes                        3
   c - Gell's Gravitas                Translocation                3
   d - Petrify                        Transmutation/Earth          4
   e - Metabolic Englaciation         Hexes/Ice                    5
   f - Yara's Violent Unravelling     Hexes/Transmutation          5
 D - a book of Changes

   Spells                             Type                      Level
   a - Beastly Appendage              Transmutation                1
   b - Sticks to Snakes               Transmutation                2
   c - Spider Form                    Transmutation/Poison         3
   d - Ice Form                       Ice/Transmutation            4
   e - Blade Hands                    Transmutation                5
 E - a book of Conjurations

   Spells                             Type                      Level
   a - Magic Dart                     Conjuration                  1
   b - Searing Ray                    Conjuration                  2
   c - Dazzling Spray                 Conjuration/Hexes            3
   d - Fulminant Prism                Conjuration/Hexes            4
   e - Force Lance                    Conjuration/Translocation    4
   f - Iskenderun's Mystic Blast      Conjuration                  4
 F - a book of Battle

   Spells                             Type                      Level
   a - Infusion                       Charms                       1
   b - Shroud of Golubria             Charms/Translocation         2
   c - Song of Slaying                Charms                       2
   d - Spectral Weapon                Hexes/Charms                 3
   e - Regeneration                   Charms/Necromancy            3
Comestibles
 f - 19 rations
 I - 16 chunks of flesh


   Skills:
 + Level 7.7 Fighting
 * Level 8.2(10.4) Short Blades
   Level 10.2(11.3) Long Blades
 + Level 6.2 Armour
 + Level 2.1 Dodging
 - Level 0.2 Stealth
 + Level 4.6 Shields
 + Level 4.5 Spellcasting
 + Level 5.0 Transmutations
 * Level 6.6 Invocations
 - Level 0.1 Evocations


You had 19 spell levels left.
You knew the following spells:

 Your Spells              Type           Power        Failure   Level  Hunger
a - Beastly Appendage     Tmut           #.....       83%         1    #......


Dungeon Overview and Level Annotations

Branches:
Dungeon (12/15)            Temple (0/1) D:6            Lair (0/6) D:8
    Orc (0/2) D:9

Altars:
Makhleb
Qazlal
Ru
Sif Muna
Trog
Wu Jian
Xom
Yredelemnul
The Shining One

Shops:
D:9 (   D:11 [   D:12 (


Innate Abilities, Weirdness & Mutations

You have razor-sharp teeth.
You heal very quickly.
When hurt, damage is shared between your health and your magic reserves.
Your bite disrupts and absorbs the magic of your enemies.
Potions cannot restore your health.
You are immune to rotting.


Message History

The death knight mumbles some strange prayers to Yredelemnul against you.
You resist with some effort.
The phantasmal warrior blinks!
A troll comes into view.
The troll shouts!
The phantasmal warrior hits you but does no damage.
The phantasmal warrior is engulfed in blazing flames.
The phantasmal warrior blinks!
You hit the phantasmal warrior.
Lightning courses through the phantasmal warrior!
You bite the phantasmal warrior.
The phantasmal warrior's magic leaks into the air.
You drain its magic.
You feel invigorated.
The phantasmal warrior is heavily damaged.
The phantasmal warrior hits you!!
* * * LOW HITPOINT WARNING * * *
As you read the scroll of teleportation, it crumbles to dust.
You feel strangely unstable. The phantasmal warrior hits you.
* * * LOW HITPOINT WARNING * * *
The phantasmal warrior hits you!!
You die...

#)# #.## ######.######
#..#
#...........######'###
#
#.......<...##.......#
#
#......o....##.......#
#
#..........p##.......#
#
#.........§.#..∩.....#
#
#........§.§#....>...+
#
#.........W@#(.......#
#
#.........(§W(.......#
..
#........§..####'#####
## #######.##### # ...
#.## #.. #


You could see a death knight, 2 phantasmal warriors and an orc.

Vanquished Creatures
  The ghost of Mgcat the Cleaver, a journeyman MiMo of Ru (D:10)
  A hydra (D:12)
  Harold (D:12)
  3 two-headed ogres
  Sonja (D:12)
  A skeletal warrior (D:12)
  An unseen horror (D:12)
  A deep elf mage (D:12)
  An ugly thing (D:11)
  A cyclops (D:12)
  A manticore (D:11)
  2 centaur skeletons (D:11)
  A centaur zombie (D:12)
  A gargoyle (D:11)
  A freezing wraith (D:12)
  A komodo dragon (D:8)
  A troll (D:10)
  A wyvern (D:10)
  A shadow (D:12)
  A wraith (D:12)
  16 yaks
  A human (D:12)
  Menkaure (D:7)
  A steam dragon (D:8)
  2 water moccasins
  11 orc warriors
  6 sky beasts
  2 phantoms
  3 centaurs
  8 ogres
  The ghost of anp the Digger, an amateur GrEE (D:3)
  A big kobold (D:6)
  8 bullfrogs
  A gnoll sergeant (D:12)
  A wyvern skeleton (D:11)
  A scorpion (D:8)
  16 killer bees
  3 wights (D:7)
  2 howler monkeys (D:7)
  3 crimson imps
  A quasit (D:9)
  6 bullfrog zombies
  7 orc priests
  5 hounds
  A jelly (D:5)
  Jessica (D:3)
  4 iguanas
  21 orc wizards
  6 worker ants
  3 hound skeletons
  A howler monkey zombie (D:6)
  13 gnolls
  14 adders
  A shadow imp (D:7)
  3 oozes
  2 adder skeletons
  6 worms
  2 dart slugs
  8 leopard geckos
  58 orcs
  4 giant cockroaches
  18 goblins
  13 hobgoblins
  6 jackals
  7 quokkas
  7 bats
  10 frilled lizards
  13 kobolds
  A leopard gecko skeleton (D:5)
  A quokka zombie (D:5)
  3 rats (D:1)
357 creatures vanquished.

Vanquished Creatures (others)
  An unseen horror (D:12)
  6 plants (D:8)
7 creatures vanquished.

Grand Total: 364 creatures vanquished

Notes
Turn   | Place    | Note
-------+----------+-------------------------------------------
     0 | D:1      | Inarius the Vine Stalker Fighter began the quest for the Orb.
     0 | D:1      | Reached XP level 1. HP: 11/11 MP: 2/2
   212 | D:1      | Reached XP level 2. HP: 13/16 MP: 3/3
   544 | D:1      | Reached XP level 3. HP: 20/20 MP: 4/4
  1230 | D:2      | Reached skill level 2 in Long Blades
  1274 | D:2      | Gained mutation: Your natural rate of healing is unusually fast. [Vine Stalker growth]
  1274 | D:2      | Reached XP level 4. HP: 24/24 MP: 5/5
  1788 | D:2      | Reached XP level 5. HP: 26/28 MP: 6/6
  2100 | D:3      | Found a sacrificial altar of Ru.
  2286 | D:3      | Noticed an ogre
  2424 | D:3      | Noticed Jessica
  2431 | D:3      | Killed Jessica
  2431 | D:3      | Reached skill level 3 in Long Blades
  2605 | D:3      | Reached XP level 6. HP: 27/32 MP: 7/7
  3021 | D:4      | Reached skill level 4 in Long Blades
  3021 | D:4      | Reached XP level 7. HP: 31/37 MP: 8/8
  3036 | D:4      | Found a stormy altar of Qazlal.
  3038 | D:4      | Found a basalt altar of Yredelemnul.
  3059 | D:4      | Became a worshipper of Qazlal Stormbringer
  3244 | D:3      | Noticed anp's ghost (amateur GrEE)
  3267 | D:3      | Killed anp's ghost
  3267 | D:3      | Reached skill level 1 in Dodging
  3613 | D:5      | Entered Level 5 of the Dungeon
  3614 | D:5      | Found a bloodstained altar of Trog.
  3728 | D:5      | Got a dull robe
  3737 | D:5      | Reached * piety under Qazlal
  3779 | D:5      | Identified the +3 robe of Patterns {rElec rN+ Str+4} (You found it on level 5 of the Dungeon)
  3818 | D:5      | Reached skill level 5 in Long Blades
  3849 | D:5      | Found an ornate altar of the Wu Jian Council.
  3956 | D:5      | Gained mutation: You have razor-sharp teeth. [Vine Stalker growth]
  3956 | D:5      | Reached XP level 8. HP: 32/42 MP: 9/9
  4023 | D:5      | Noticed a yak
  4023 | D:5      | Noticed a yak
  4040 | D:5      | Noticed a yak
  4043 | D:5      | Killed a yak
  4043 | D:5      | Reached skill level 6 in Long Blades
  4053 | D:5      | Killed a yak
  4059 | D:5      | Killed a yak
  4320 | D:6      | Reached skill level 7 in Long Blades
  4320 | D:6      | Reached skill level 1 in Invocations
  4355 | D:6      | Reached skill level 5 in Fighting
  4358 | D:6      | Reached XP level 9. HP: 46/47 MP: 10/10
  4452 | D:6      | Found a deep blue altar of Sif Muna.
  4597 | D:6      | Found a staircase to the Ecumenical Temple.
  4763 | D:6      | Reached ** piety under Qazlal
  4772 | D:6      | Found a shimmering altar of Xom.
  5318 | D:7      | Reached skill level 8 in Long Blades
  5366 | D:7      | Found a glowing golden altar of the Shining One.
  5498 | D:7      | Reached skill level 9 in Long Blades
  5927 | D:7      | Learned a level 1 spell: Beastly Appendage
  5970 | D:7      | Noticed Menkaure
  5979 | D:7      | Killed Menkaure
  5996 | D:8      | Reached *** piety under Qazlal
  6008 | D:8      | Reached skill level 1 in Transmutations
  6008 | D:8      | Reached XP level 10. HP: 53/53 MP: 13/13
  6328 | D:8      | Noticed a two-headed ogre
  6358 | D:8      | Killed a two-headed ogre
  6358 | D:8      | Reached skill level 10 in Long Blades
  6358 | D:8      | Reached skill level 1 in Spellcasting
  6554 | D:8      | Found a staircase to the Lair.
  6803 | D:8      | Found a burning altar of Makhleb.
  6872 | D:9      | Found a staircase to the Orcish Mines.
  6879 | D:9      | Found Loirilit's Weapon Shoppe.
  7085 | D:9      | Reached **** piety under Qazlal
  7271 | D:9      | Got a scorched rapier
  7272 | D:9      | Identified the +4 rapier of Sudden Death {elec, rElec} (You found it on level 9 of the Dungeon)
  7536 | D:10     | Entered Level 10 of the Dungeon
  7546 | D:10     | Reached skill level 5 in Armour
  7547 | D:10     | Reached skill level 5 in Invocations
  7553 | D:10     | Reached skill level 1 in Short Blades
  7553 | D:10     | Reached XP level 11. HP: 46/58 MP: 15/15
  7710 | D:10     | Noticed Mgcat's ghost (journeyman MiMo)
  7736 | D:10     | Killed Mgcat's ghost
  8256 | D:11     | Found Buademus's Antique Armour Shop.
  8273 | D:11     | Bought an ancient scale mail for 252 gold pieces
  8283 | D:11     | Identified the +3 scale mail of the Raven {+Blink Int+4} (You bought it in a shop on level 11 of the Dungeon)
  8320 | D:11     | Noticed a brown ugly thing
  8329 | D:11     | Killed a brown ugly thing
  8450 | D:11     | Noticed a two-headed ogre
  8477 | D:11     | Killed a two-headed ogre
  8477 | D:11     | Reached skill level 5 in Short Blades
  8540 | D:11     | Noticed a manticore
  8570 | D:11     | Killed a manticore
  8572 | D:11     | Reached ***** piety under Qazlal
  8610 | D:11     | Noticed a two-headed ogre
  8617 | D:11     | Killed a two-headed ogre
  8938 | D:12     | Gained mutation: You heal very quickly. [Vine Stalker growth]
  8938 | D:12     | Reached XP level 12. HP: 63/63 MP: 19/19
  9104 | D:12     | Reached skill level 5 in Transmutations
  9188 | D:12     | Noticed an eight-headed hydra
  9194 | D:12     | Killed an eight-headed hydra
  9323 | D:12     | Noticed Sonja
  9334 | D:12     | Killed Sonja
  9336 | D:12     | Noticed Harold
  9348 | D:12     | Killed Harold
  9572 | D:12     | Found Xiter's Weapon Boutique.
  9640 | D:12     | Noticed a death knight
  9665 | D:12     | Demolished by a phantasmal warrior

Skill      XL: |  1  2  3  4  5  6  7  8  9 10 11 12 |
---------------+-------------------------------------+-----
Fighting       | 3 4 5 6 7 |  7.7
Shields        | 3 4 |  4.6
Long Blades    | 2 3 4 5 7 9 10 | 10.2
Armour         | 3 4 5 6 |  6.2
Dodging        | 1 2 |  2.1
Invocations    | 1 3 5 6 |  6.6
Transmutations | 1 3 4 5 |  5.0
Spellcasting   | 2 4 |  4.5
Short Blades   | 1 6 8 |  8.2
Stealth        | |  0.2
Evocations     | |  0.1

Action                   |  1- 3 |  4- 6 |  7- 9 | 10-12 || total
-------------------------+-------+-------+-------+-------++-------
Melee: Long sword        |   105 |   162 |    54 |       ||   321
       Bite              |    32 |    49 |   106 |   141 ||   328
       Scimitar          |       |       |   276 |   133 ||   409
       Rapier            |       |       |       |   290 ||   290
Evoke: Wand              |       |       |       |     2 ||     2
  Use: Scroll            |       |     1 |     6 |     6 ||    13
       Potion            |       |       |       |     4 ||     4
  Eat: Chunk             |     1 |     6 |    10 |    28 ||    45
Armor: Scale mail        |    38 |    63 |    39 |       ||   140
       Robe              |       |       |    37 |       ||    37
       Plate armour      |       |       |     6 |   152 ||   158
Dodge: Dodged            |    30 |    29 |    79 |    41 ||   179
       Deflected         |       |       |       |     2 ||     2
Block: Shield            |    53 |    86 |   139 |   247 ||   525
       Rpst.: Long sword |     9 |    14 |     5 |       ||    28
       Scimitar          |       |       |    18 |     5 ||    23
